 Dungeon Crawl Stone Soup version 0.18-a0-816-g97f838e (webtiles) character file.

1000175 4thArraOfDagon the Archmage (level 27, -17/149 HPs)
             Began as a Deep Elf Fire Elementalist on Dec 14, 2015.
             Was the Champion of Vehumet.
             Killed from afar by a hellion (30 damage)
             ... with a burst of hellfire
             ... in Pandemonium on Dec 15, 2015.
             The game lasted 06:16:41 (24135 turns).

4thArraOfDagon the Archmage (DEFE)                 Turns: 24135, Time: 06:16:41

Health: -17/149    AC: 14    Str:  5    XL:     27
Magic:  74/80      EV: 26    Int: 43    God:    Vehumet [******]
Gold:   1025       SH:  0    Dex: 15    Spells: 14 memorised, 10 levels left

rFire  + . .     SeeInvis +     n - staff of power {!a}
rCold  . . .     Clarity  .     s - +2 robe of vines {NoDeviceHeal Regen+7}
rNeg   . . .     SustAt   .     (no shield)
rPois  .         Gourm    .     g - +1 hat of the Heron {+Blink Regen+ Int+6}
rElec  .         Spirit   .     U - +2 cloak {MR+}
rCorr  .         Dismiss  .     D - +4 pair of gloves of the Swamp {*Corrode rF+ MR+}
rMut   .         Rnd*Tele +     E - +0 pair of boots of Shadows and Fog {SInv}
MR     +++++                    B - amulet of harm
Stlth  +++++++++.               m - ring "Viabaeth" {MR+ MP+9 Int+3}
                                J - ring of teleportation

@: regenerating (expiring), delayed fireball, studying Shields, repel missiles,
almost entirely resistant to hostile enchantments, incredibly stealthy
A: teleportitis 1
a: Renounce Religion, Release Delayed Fireball, Evoke Blink, Evoke Teleportation
}: 12/15 runes: decaying, serpentine, slimy, silver, golden, iron, obsidian,
icy, bone, abyssal, demonic, glowing


You were in Pandemonium.
You worshipped Vehumet.
Vehumet was exalted by your worship.
You were not hungry.

You visited 16 branches of the dungeon, and saw 83 of its levels.
You visited Pandemonium 2 times, and saw 17 of its levels.
You visited the Abyss 1 time.
You visited 1 ziggurat, and saw 20 of its levels.
You also visited: Labyrinth and Ice Cave.

You collected 3114 gold pieces.
You spent 2089 gold pieces at shops.

Inventory:

Hand Weapons
 I - the +0 hand axe of the Seven Ships {drain, *Corrode rElec Str+3 Int+3}
   (You found it on level 7 of the Dungeon)

   A truly terrible weapon, it drains the life of those it strikes.
   It affects your strength (+3).
   It affects your intelligence (+3).
   It insulates you from electricity.
   It may corrode your equipment when you take damage.
Missiles
 A - 3 throwing nets (quivered)
Armour
 g - the +1 hat of the Heron (worn) {+Blink Regen+ Int+6}
   (You found it on level 3 of the Vaults)

   It affects your intelligence (+6).
   It lets you blink.
   It increases your rate of regeneration.
 s - the +2 robe of vines (worn) {NoDeviceHeal Regen+7}
   (You took it off a deep elf demonologist on level 5 of the Vaults)

   It increases your rate of regeneration.
 D - the +4 pair of gloves of the Swamp (worn) {*Corrode rF+ MR+}
   (You bought it in a shop on level 2 of the Orcish Mines)

   It protects you from fire.
   It affects your resistance to hostile enchantments.
   It may corrode your equipment when you take damage.
 E - the +0 pair of boots of Shadows and Fog (worn) {SInv}
   (You found it on level 3 of the Crypt)

   It lets you see invisible.
 R - the +4 robe of Night {+Inv MR+ SInv Stlth+}
   (You found it on level 4 of a ziggurat)

   It affects your resistance to hostile enchantments.
   It lets you see invisible.
   It lets you turn invisible.
   It makes you more stealthy.
 U - a +2 cloak of magic resistance (worn)
Magical Staves
 n - an uncursed staff of power (weapon) {!a}
 C - an uncursed staff of energy {!a}
 Z - an uncursed staff of wizardry {!a}
Rods
 f - a +9 iron rod (13/13)
   (You found it in a labyrinth)
Jewellery
 e - the ring of the Scarab {rC+ rN+++}
   (You found it on level 17 of a ziggurat)

   [ring of protection from cold]

   It protects you from cold.
   It renders you almost immune to negative energy.
 j - the ring "Jikkiero" {-Tele rPois rF+ rN+ Int+8}
   (You took it off a yaktaur on level 5 of the Vaults)

   [ring of positive energy]

   It affects your intelligence (+8).
   It protects you from fire.
   It protects you from poison.
   It protects you from negative energy.
   It prevents most forms of teleportation.
 m - the ring "Viabaeth" (right hand) {MR+ MP+9 Int+3}
   (You found it on level 18 of a ziggurat)

   [ring of protection from magic]

   It affects your intelligence (+3).
   It affects your resistance to hostile enchantments.
   It affects your magic capacity (+9).
 B - an amulet of harm (around neck)
 J - a ring of teleportation (left hand)
 K - the ring "Enyhi" {Fire rN+ Int+5}
   (You found it on level 6 of a ziggurat)

   [ring of fire]

   It enhances your fire magic, and weakens your ice magic.
   It affects your intelligence (+5).
   It protects you from fire.
   It makes you vulnerable to cold.
   It protects you from negative energy.
 S - the ring of Buyfamie {SustAt rC++ rN+ Str+2 Dex-5}
   (You found it on level 7 of Gehenna)

   [ring of sustain attributes]

   It sustains your strength, intelligence and dexterity.
   It affects your strength (+2).
   It affects your dexterity (-5).
   It greatly protects you from cold.
   It protects you from negative energy.
Wands
 c - a wand of fire (8)
 k - a wand of teleportation (0)
 o - a wand of disintegration (5)
 t - a wand of teleportation (5)
 F - a wand of heal wounds (3)
 G - a wand of teleportation (2)
 L - a wand of digging (3)
Scrolls
 l - 2 scrolls of holy word
 q - 4 scrolls of magic mapping
 u - 2 scrolls of identify
 y - 8 scrolls of immolation
 M - 4 scrolls of fog
 O - 10 scrolls of remove curse
 P - 15 scrolls of recharging
 T - 4 scrolls of blinking
Potions
 a - 2 potions of magic
 h - 3 potions of agility
 i - 6 potions of cancellation
 p - 11 potions of curing
 r - 2 potions of brilliance
 v - a potion of resistance
 w - 3 potions of heal wounds
 H - a potion of ambrosia
 Q - 5 potions of cure mutation
 V - 2 potions of haste
Books
 x - a Necronomicon

   Spells                             Type                      Level
   a - Haunt                          Necromancy/Summoning         7
   b - Borgnjor's Revivification      Necromancy                   8
   c - Death's Door                   Charms/Necromancy            8
   d - Necromutation                  Transmutation/Necromancy     8
 N - Sif Muna's Catalogue of Air and Confrontation
   (You found it on level 7 of Gehenna)

   Spells                             Type                      Level
   a - Mephitic Cloud                 Conjuration/Poison/Air       3
   b - Summon Lightning Spire         Summoning/Air                4
   c - Deflect Missiles               Charms/Air                   6
   d - Delayed Fireball               Conjuration/Fire             7
 X - a manual of Shields
Miscellaneous
 b - a fan of gales
 z - a phantom mirror
 W - a crystal ball of energy
 Y - a phial of floods
Comestibles
 d - 16 meat rations


   Skills:
 - Level 9.3 Fighting
 - Level 20.7 Dodging
 * Level 25.1 Stealth
 O Level 27 Spellcasting
 - Level 19.4 Conjurations
 - Level 11.0 Charms
 - Level 15.0 Necromancy
 - Level 9.9 Transmutations
 - Level 19.6 Fire Magic
 - Level 22.6 Ice Magic
 - Level 17.3 Evocations


You had 10 spell levels left.
You knew the following spells:

 Your Spells              Type           Power        Failure   Level  Hunger
a - Regeneration          Chrm/Necr      ########..   0%          3    None
b - Necromutation         Trmt/Necr      ########..   12%         8    None
d - Fireball              Conj/Fire      ########..   0%          5    None
e - Delayed Fireball      Conj/Fire      N/A          1%          7    None
f - Bolt of Fire          Conj/Fire      ########..   0%          6    None
g - Repel Missiles        Chrm/Air       ######       1%          2    None
h - Iron Shot             Conj/Erth      #######...   1%          6    None
i - Bolt of Cold          Conj/Ice       ########..   0%          6    None
j - Lehudib's Crystal Sp  Conj/Erth      #######...   11%         8    None
k - Glaciate              Conj/Ice       ########..   1%          9    None
l - Passage of Golubria   Tloc           N/A          2%          4    None
m - Apportation           Tloc           ######....   1%          1    None
n - Sublimation of Blood  Necr           ########..   0%          2    None
o - Death's Door          Chrm/Necr      ########..   10%         8    None


Dungeon Overview and Level Annotations

Branches:
Dungeon (15/15)            Temple (0/1) D:4            Lair (8/8) D:11
  Swamp (4/4) Lair:4        Snake (4/4) Lair:6        Slime (6/6) Lair:7
    Orc (2/2) D:11            Elf (1/3) Orc:2        Vaults (5/5) D:13
  Crypt (3/3) Vaults:3       Tomb (3/3) Crypt:3      Depths (3/5) D:15
   Hell (1/1)                 Dis (7/7) Hell            Geh (7/7) Hell
    Coc (7/7) Hell            Tar (7/7) Hell

Altars:
Ashenzari
Cheibriados
Elyvilon
Nemelex Xobeh
Okawaru
Trog
Vehumet
The Shining One
Beogh
Jiyva

Shops:
D:13 ?   Orc:2 ([=*   Snake:4 }   Vaults:3 ?([}   Vaults:4 (   Vaults:5 %

Portals:
Hell: Depths:1 Depths:3
Abyss: Depths:1
Pandemonium: Depths:3

Annotations:
D:12 exclusions: downstairs and electric eel
Swamp:3 exclusion: Roxanne, Roxanne
Snake:3 Donald
Orc:1 exclusion: downstairs
Vaults:3 CRYPT below, exclusion: door
Geh:7 Asmodeus
Coc:7 Antaeus
Tar:7 Ereshkigal


Innate Abilities, Weirdness & Mutations

You are occasionally teleported next to monsters.


Message History

The burst of hellfire engulfs the hellion.
The hellion completely resists.
The burst of hellfire engulfs the hellion.
The hellion completely resists.
The burst of hellfire engulfs the hellion.
The hellion completely resists.
The hellion gestures at you.
The hellfire explodes!
The burst of hellfire engulfs you!
* * * LOW HITPOINT WARNING * * *
The burst of hellfire engulfs the hellion.
The hellion completely resists.
The burst of hellfire engulfs the hellion.
The hellion completely resists.
The burst of hellfire engulfs the hellion.
The hellion completely resists.
The burst of hellfire engulfs the hellion.
The hellion completely resists.
The hellion gestures at you.
The hellfire explodes!
The burst of hellfire engulfs you!
You die...

..§§≈≈≈§§≈§≈.#.
..≈≈≈≈..≈§§≈...
.≈≈§≈§§..≈&§≈..
....
≈≈≈≈....2.≈≈§≈.
##.#
≈.2"2=.2.≈≈≈.
2.2222.§≈≈≈.
§.§2∩22§≈≈≈.
§≈22@.2§
§≈§.2§§§
§§≈..§§≈≈
≈≈≈≈≈§§§ ≈..
..§≈≈≈≈§§ #.#
....≈≈≈ #
#....§≈ ##.....


You could see Urriggew and 16 hellions.

Vanquished Creatures
  the Royal Jelly (Slime:6)
  the Serpent of Hell (Geh:7)
  Mnoleg (Pan)
  6 pandemonium lords
  3 ancient liches
  Khufu (Tomb:3)
  Mara (Tomb:3)
  A juggernaut (Zig:8)
  10 greater mummies
  Frederick (Tomb:3)
  Margery (Vaults:3)
  A caustic shrike (shapeshifter) (Vaults:5)
  12 Killer Klowns
  2 caustic shrikes (Zig:8)
  3 golden dragons
  Geryon (Hell)
  A profane servitor (Zig:7)
  2 bone dragons
  4 electric golems (Zig:9)
  5 Brimstone Fiends
  A hellephant (Zig:11)
  Jorgrun (Swamp:3)
  4 tentacled monstrosities
  6 Ice Fiends
  4 liches
  4 Shadow Fiends
  2 deep elf blademasters (Zig:13)
  6 titans
  2 Hell Sentinels (Zig:20)
  A quicksilver dragon (shapeshifter) (Zig:14)
  5 quicksilver dragons
  14 acid blobs
  10 sphinxes
  A deep elf master archer (Zig:13)
  A sphinx (shapeshifter) (Zig:14)
  5 warmongers
  5 Executioners
  3 storm dragons (Vaults:5)
  5 ancient champions
  2 azure jellies (shapeshifter) (Zig:17)
  4 tengu reavers
  5 shadow dragons (Vaults:5)
  3 draconian monks
  2 thorn hunters (Swamp:4)
  A revenant (Crypt:3)
  27 greater nagas
  4 azure jellies (Slime:6)
  8 frost giants
  7 fire giants
  3 deep elf sorcerers
  Maud (D:14)
  4 draconian knights (Zig:18)
  4 iron dragons (Vaults:5)
  6 cacodemons
  4 black suns (Pan)
  A draconian scorcher (Zig:18)
  5 orc warlords
  17 vault wardens
  8 balrugs
  5 draconian zealots
  A ghost moth (Zig:9)
  2 ghouls
  2 curse skulls
  8 reapers
  6 draconian shifters (Zig:18)
  2 deep elf elementalists (Vaults:5)
  14 very ugly things
  20 stone giants
  6 war gargoyles
  12 ironheart preservers
  6 salamander stormcallers
  A stone giant (shapeshifter) (Zig:14)
  2 elemental wellsprings (Coc:7)
  4 blood saints
  A black draconian (Zig:6)
  2 draconian callers (Zig:18)
  3 deep elf demonologists
  4 bennus
  3 green draconians (Zig:18)
  5 lorocyprocas
  3 corrupters
  2 deep elf annihilators
  3 purple draconians (Zig:18)
  A white draconian (Zig:18)
  2 red draconians (Zig:18)
  A yellow draconian (Zig:18)
  5 mottled draconians
  2 dire elephants (Zig:11)
  3 deep elf death magi
  2 minotaurs (shapeshifter) (Zig:17)
  3 chaos champions
  4 death oozes (Slime:6)
  An ettin (Vaults:5)
  A merfolk javelineer (Zig:1)
  A minotaur (Lab)
  2 crystal guardians
  3 eidola
  An ettin (shapeshifter) (Vaults:5)
  A deep elf high priest (Vaults:5)
  35 vault guards
  2 fire dragons (Vaults:4)
  9 blizzard demons
  A quicksilver dragon zombie (Coc:7)
  Josephine (Lair:6)
  12 mummy priests
  5 green deaths
  An entropy weaver (shapeshifter) (Zig:14)
  A kraken zombie (Hell)
  A hell beast (Zig:20)
  10 ice dragons
  20 yaktaur captains
  5 great orbs of eyes
  15 naga warriors
  24 hydras
  6 anacondas
  2 spriggan air magi (Zig:9)
  2 death knights
  5 monstrous demonspawn (Pan)
  3 rakshasas
  2 ghost crabs (Zig:10)
  2 catoblepae
  3 centaur warriors
  6 alligators
  2 alligator snapping turtles (shapeshifter)
  A death yak (Lair:6)
  7 ogre magi
  A tengu warrior (Depths:1)
  2 deep troll shamans (Vaults:5)
  6 dancing weapons (Zig:13)
  9 shock serpents
  26 naga sharpshooters
  10 hell hogs
  8 orc high priests
  Urug (Orc:2)
  4 deep troll earth magi
  Nergalle (Orc:2)
  A fire crab (shapeshifter) (Zig:14)
  7 soul eaters
  2 storm dragon zombies (Tomb:3)
  6 deep elf knights
  5 titan skeletons
  An iron golem (Zig:8)
  9 sun demons
  53 death scarabs
  2 shadow wraiths
  30 skeletal warriors
  A giant orange brain (shapeshifter) (Vaults:5)
  2 iron trolls (shapeshifter) (Zig:14)
  2 wretched stars (Abyss:3)
  10 flayed ghosts
  5 shadow demons
  2 giant orange brains
  7 wizards
  A sea snake (shapeshifter) (Zig:17)
  4 spriggan druids
  7 naga ritualists
  9 hell knights
  A sea snake (Snake:4)
  A storm dragon skeleton (Geh:7)
  2 infernal demonspawn (Pan)
  A gelid demonspawn (Pan)
  An orange crystal statue (Zig:15)
  12 ironbrand convokers
  An anaconda zombie (Tomb:3)
  9 swamp dragons
  A salamander mystic (Geh:7)
  An unseen horror (Vaults:1)
  8 deep trolls
  10 deep elf archers
  11 phantasmal warriors
  2 shambling mangroves
  A tengu zombie (Zig:3)
  4 harpies (Vaults:4)
  4 hill giants
  A kraken simulacrum (Coc:7)
  Pikel (D:8)
  3 hornets
  18 anubis guards
  14 orc knights
  7 necromancers
  4 orc sorcerers
  35 ugly things
  2 torturous demonspawn (Pan)
  A mana viper (shapeshifter) (Zig:14)
  3 shadow dragon skeletons
  An iron dragon zombie (Hell)
  A stone giant zombie (Zig:3)
  A moth of wrath (shapeshifter) (Zig:17)
  3 anaconda skeletons
  15 deep elf magi
  5 mana vipers
  2 griffons
  An octopode (shapeshifter) (D:15)
  8 salamanders
  2 shining eyes
  A hornet (shapeshifter) (D:15)
  A wolf spider (Lair:8)
  3 centaur zombies (D:14)
  6 oklob plants (Zig:13)
  Maurice (D:8)
  3 rust devils
  39 black mambas
  3 orange demons
  A titan simulacrum (Coc:7)
  4 apocalypse crabs
  A siren (Zig:1)
  32 naga magi
  5 molten gargoyles (Geh:7)
  16 vault sentinels
  9 elephants
  A fire giant skeleton (Crypt:3)
  2 manticores
  4 smoke demons
  6 gargoyles
  9 guardian serpents
  4 cyclopes
  4 storm dragon simulacra
  2 ice statues
  2 torpor snails
  23 spiny frogs
  9 komodo dragons
  A demonic crawler (Pan)
  A spiny frog (shapeshifter) (Vaults:5)
  2 kobold demonologists (Vaults:3)
  14 ice devils
  A yaktaur (shapeshifter) (Zig:17)
  A fire drake (Zig:11)
  21 hellions
  37 yaktaurs
  6 anaconda simulacra (Coc:7)
  A sea snake skeleton (Crypt:2)
  5 tormentors
  26 guardian mummies
  17 freezing wraiths
  A queen bee (Abyss:3)
  3 red devils (Geh:7)
  A catoblepas skeleton (Crypt:3)
  A polar bear (Lair:7)
  A hydra skeleton (Tomb:3)
  13 trolls
  4 merfolk (Zig:1)
  24 blink frogs
  A queen bee (shapeshifter) (Depths:3)
  Grinder (D:6)
  3 giant leeches
  5 hydra zombies (Hell)
  9 large abominations (Pan)
  A raiju (Zig:9)
  7 boulder beetles
  5 ushabtiu
  2 wolf spider simulacra (IceCv)
  An iron dragon simulacrum (Hell)
  14 two-headed ogres
  10 bog bodies
  Sigmund (D:6)
  An ettin zombie (Hell)
  38 yaks
  5 shadows
  2 alligator skeletons (Hell)
  A wyvern (Lair:8)
  A trapdoor spider (shapeshifter) (Vaults:1)
  98 slime creatures
  An ettin skeleton (Geh:7)
  6 redbacks
  35 flying skulls
  A vampire (Coc:4)
  11 wraiths
  3 water elementals
  An ice dragon skeleton (Geh:4)
  3 air elementals
  7 fire elementals
  2 steam dragons (D:9)
  10 neqoxecs
  A human (shapeshifter) (D:15)
  A hill giant zombie (Crypt:2)
  A dire elephant simulacrum (Hell)
  2 basilisks
  A hog (shapeshifter) (Zig:13)
  10 chaos spawn
  5 golden eyes
  14 vampire mosquitoes
  A black mamba skeleton (Hell)
  5 hungry ghosts
  16 insubstantial wisps
  10 hippogriffs
  A mottled dragon (Vaults:2)
  6 wolves (Lair:5)
  11 swamp worms
  4 hydra simulacra
  7 wargs
  A wolf (shapeshifter) (Vaults:5)
  22 hell hounds
  2 spiny frog zombies
  2 spiny frog skeletons (Crypt:3)
  35 nagas
  22 water moccasins
  A soldier ant (D:14)
  8 porcupines
  45 orc warriors
  12 boggarts
  4 necrophages
  6 ice beasts (IceCv)
  4 sky beasts
  2 phantoms
  11 wasps
  4 eyes of draining
  28 ogres
  10 swamp drakes
  A snapping turtle skeleton (Coc:7)
  8 centaurs
  11 giant frogs
  An elf zombie (Geh:7)
  An octopode zombie (Crypt:2)
  A big kobold (D:8)
  16 crocodiles
  2 earth elementals (Zig:13)
  4 scorpions
  13 killer bees
  A human simulacrum (Vaults:1)
  2 elephant simulacra (IceCv)
  17 wights
  A wasp zombie (D:8)
  3 crimson imps
  3 electric eels
  5 draconian simulacra (IceCv)
  6 hounds
  A quasit (Depths:3)
  A giant frog skeleton (D:13)
  6 iguanas
  An iron imp (Zig:3)
  15 orc priests
  3 centaur skeletons
  25 jellies
  26 orc wizards
  A human skeleton (Tomb:3)
  A polar bear simulacrum (Lair:3)
  A lightning spire (Zig:10)
  9 worker ants
  10 hell rats
  2 wolf simulacra (Lair:3)
  8 troll simulacra (IceCv)
  17 sheep
  A killer bee zombie (D:5)
  2 yak simulacra (Lair:3)
  A centaur simulacrum (IceCv)
  2 hound skeletons
  24 mummies
  3 naga simulacra (IceCv)
  3 ogre simulacra (IceCv)
  26 river rats
  13 adders
  6 shadow imps
  13 white imps
  13 oozes (Lair:5)
  3 adder skeletons
  A giant gecko (D:8)
  79 orcs
  A bat (D:1)
  8 jackals
  11 kobolds
  4 quokkas
  3 ball pythons
  A giant gecko skeleton (D:4)
  A giant newt (D:5)
  A hobgoblin skeleton (Crypt:2)
  10 rats
  6 river rat simulacra (Lair:3)
  85 blocks of ice
  A bush (Lair:5)
  2 fire vortices (Hell)
  A fulminant prism (Zig:17)
  10 fungi
  A lost soul (Crypt:3)
  8 plants
  A tentacle (Coc:7)
2560 creatures vanquished.

Vanquished Creatures (collateral kills)
  An acid blob (Slime:6)
  An azure jelly (Slime:6)
  A vault warden (Vaults:4)
  A stone giant (Vaults:5)
  A naga warrior (Snake:3)
  A salamander mystic (Snake:4)
  5 salamanders
  A black mamba (Lair:8)
  A slime creature (Slime:6)
  A naga (Snake:4)
  A mottled dragon (Lair:8)
  A water moccasin (Lair:8)
  A jelly (Slime:6)
17 creatures vanquished.

Vanquished Creatures (others)
  A tengu reaver (Vaults:5)
  A vault warden (Vaults:5)
  A harpy skeleton (Geh:3)
  4 slaves (D:8)
  2 wights (Geh:6)
  2 ball lightnings (Depths:1)
  445 blocks of ice
  A fire vortex (Hell)
  13 fungi
  15 plants
  11 tentacles
  26 tentacle segments (Tar:7)
522 creatures vanquished.

Grand Total: 3099 creatures vanquished

Notes
Turn   | Place    | Note
--------------------------------------------------------------
     0 | D:1      | 4thArraOfDagon the Deep Elf Fire Elementalist began the quest for the Orb.
     0 | D:1      | Reached XP level 1. HP: 10/10 MP: 6/6
   254 | D:3      | Reached XP level 2. HP: 15/15 MP: 6/8
   263 | D:3      | Found a radiant altar of Vehumet.
   263 | D:3      | Found a shattered altar of Ashenzari.
   265 | D:3      | Found an iron altar of Okawaru.
   270 | D:3      | Became a worshipper of Vehumet
   455 | D:4      | Noticed an angel
   511 | D:4      | Reached skill level 4 in Fire Magic
   511 | D:4      | Reached XP level 3. HP: 8/19 MP: 1/9
   516 | D:4      | Learned a level 3 spell: Conjure Flame
   554 | D:4      | Found a staircase to the Ecumenical Temple.
   583 | D:4      | Noticed a rust devil
   657 | D:5      | Entered Level 5 of the Dungeon
   657 | D:5      | Noticed a sky beast
   750 | D:5      | Noticed a scorpion
   765 | D:5      | Killed a scorpion
   765 | D:5      | Reached XP level 4. HP: 24/24 MP: 6/11
   771 | D:5      | Learned a level 4 spell: Sticky Flame
   787 | D:5      | Reached XP level 5. HP: 24/28 MP: 3/12
   855 | D:5      | Reached skill level 5 in Fire Magic
   898 | D:5      | Killed a sky beast
   959 | D:6      | Reached XP level 6. HP: 32/32 MP: 10/14
  1065 | D:7      | Reached skill level 6 in Fire Magic
  1072 | D:7      | Learned a level 5 spell: Fireball
  1161 | D:8      | Reached skill level 5 in Conjurations
  1193 | D:8      | Found a sparkling altar of Nemelex Xobeh.
  1232 | D:8      | Reached XP level 7. HP: 28/36 MP: 12/16
  1268 | D:8      | Reached skill level 5 in Spellcasting
  1313 | D:8      | Noticed Maurice
  1325 | D:8      | Killed Maurice
  1325 | D:8      | Reached skill level 7 in Fire Magic
  1350 | D:8      | You fall through a shaft for 2 floors!
  1350 | D:10     | Entered Level 10 of the Dungeon
  1351 | D:10     | meh
  1365 | D:10     | Reached * piety under Vehumet
  1365 | D:10     | Offered knowledge of Magic Dart by Vehumet.
  1495 | D:10     | Reached XP level 8. HP: 37/41 MP: 11/19
  1509 | D:10     | Learned a level 7 spell: Delayed Fireball
  1636 | D:10     | Noticed a troll
  1659 | D:10     | Killed a troll
  1659 | D:10     | Reached skill level 8 in Fire Magic
  1890 | D:8      | Noticed Pikel
  1897 | D:8      | Killed Pikel
  1897 | D:8      | Reached skill level 9 in Fire Magic
  1897 | D:8      | Reached XP level 9. HP: 38/45 MP: 6/22
  1968 | D:7      | Offered knowledge of Freeze by Vehumet.
  1998 | D:7      | Reached ** piety under Vehumet
  2033 | D:7      | Learned a level 6 spell: Bolt of Fire
  2073 | D:6      | Reached skill level 1 in Evocations
  2133 | D:6      | Noticed Sigmund
  2143 | D:6      | Killed Sigmund
  2155 | D:6      | Noticed Grinder
  2170 | D:6      | Killed Grinder
  2317 | D:7      | Got a warped hand axe
  2321 | D:7      | Identified the cursed +0 hand axe of the Seven Ships {drain, *Corrode rElec Str+3 Int+3} (You found it on level 7 of the Dungeon)
  2550 | D:8      | Got a dazzling flail
  2587 | D:8      | Identified the +8 flail "Guazud Itemn" {venom, Int+3} (You found it on level 8 of the Dungeon)
  2688 | D:9      | Offered knowledge of Static Discharge by Vehumet.
  2689 | D:9      | Reached skill level 10 in Fire Magic
  2711 | D:9      | Found a glowing golden altar of the Shining One.
  2711 | D:9      | Found a white marble altar of Elyvilon.
  2861 | D:11     | Noticed a manticore
  2865 | D:11     | Killed a manticore
  2865 | D:11     | Reached *** piety under Vehumet
  2865 | D:11     | Reached skill level 5 in Evocations
  2865 | D:11     | Reached XP level 10. HP: 42/50 MP: 13/24
  2983 | D:11     | Found a staircase to the Orcish Mines.
  3081 | D:11     | Noticed a deep elf mage
  3092 | D:11     | Killed a deep elf mage
  3106 | D:11     | Noticed a hill giant
  3113 | D:11     | Killed a hill giant
  3282 | D:13     | Found Jokaabb's Magic Scroll Shop.
  3282 | D:13     | Noticed a cyclops
  3464 | D:12     | Reached skill level 10 in Conjurations
  3722 | D:13     | Offered knowledge of Iskenderun's Mystic Blast by Vehumet.
  3726 | D:13     | Reached skill level 10 in Spellcasting
  3760 | D:11     | Reached skill level 11 in Fire Magic
  3779 | Orc:1    | Entered Level 1 of the Orcish Mines
  3790 | Orc:2    | Entered Level 2 of the Orcish Mines
  3790 | Orc:2    | Noticed a stone giant
  3901 | Orc:1    | Reached XP level 11. HP: 54/54 MP: 19/27
  4219 | Orc:2    | Reached **** piety under Vehumet
  4268 | Orc:1    | Noticed an orc high priest
  4273 | Orc:1    | Noticed a sun demon
  4274 | Orc:1    | Killed an orc high priest
  4282 | Orc:1    | Offered knowledge of Bolt of Magma by Vehumet.
  4283 | Orc:1    | Noticed an orc high priest
  4289 | Orc:1    | Killed an orc high priest
  4417 | Orc:1    | Found a roughly hewn altar of Beogh.
  4575 | Orc:2    | Noticed an orc warlord
  4605 | Orc:2    | Killed an orc warlord
  4605 | Orc:2    | Reached skill level 10 in Evocations
  4702 | Orc:2    | Reached XP level 12. HP: 59/59 MP: 16/29
  4704 | Orc:2    | Reached skill level 12 in Fire Magic
  4732 | Orc:2    | Noticed Urug
  4817 | Orc:2    | Noticed Nergalle
  4820 | Orc:2    | Killed Nergalle
  4831 | Orc:2    | Reached ***** piety under Vehumet
  4913 | Orc:2    | Found a roughly hewn altar of Beogh.
  5030 | Orc:2    | Killed Urug
  5055 | Orc:2    | Offered knowledge of Irradiate by Vehumet.
  5081 | Orc:2    | Found Siubuo's General Store.
  5097 | Orc:2    | Found Oroliock's Jewellery Shop.
  5117 | Orc:2    | Found Mutodgh's Antique Weapon Shop.
  5147 | Orc:2    | Found Achibbol's Antique Armour Shop.
  5154 | Orc:2    | Bought a pair of ichor-stained gloves for 275 gold pieces
  5154 | Orc:2    | Bought a glowing cloak for 130 gold pieces
  5154 | Orc:2    | Bought a glowing helmet for 130 gold pieces
  5180 | Orc:2    | Identified the +4 pair of gloves of the Swamp {*Corrode rF+ MR+} (You bought it in a shop on level 2 of the Orcish Mines)
  5221 | Orc:2    | Found a staircase to the Elven Halls.
  5377 | Orc:2    | Killed a stone giant
  5509 | Orc:2    | Found a roughly hewn altar of Beogh.
  5543 | Elf:1    | Entered Level 1 of the Elven Halls
  5597 | Orc:2    | Bought an uncursed amulet of resist corrosion for 280 gold pieces
  5624 | Orc:2    | Bought an embroidered cloak for 130 gold pieces
  6126 | D:11     | Found a staircase to the Lair.
  6149 | Lair:1   | Entered Level 1 of the Lair of Beasts
  6580 | Lair:3   | Offered knowledge of Airstrike by Vehumet.
  6585 | Lair:3   | Got a transparent falchion
  6593 | Lair:3   | Identified the +9 falchion of the Jester {slice, +Fly Int+4 Stlth+} (You found it on level 3 of the Lair of Beasts)
  6684 | Lair:3   | Reached XP level 13. HP: 63/63 MP: 13/31
  6989 | Lair:4   | Reached skill level 13 in Fire Magic
  7335 | Lair:6   | Noticed Josephine
  7340 | Lair:6   | Killed Josephine
  7472 | Lair:6   | Found a staircase to the Snake Pit.
  7665 | Lair:7   | Offered knowledge of Bolt of Draining by Vehumet.
  7681 | Lair:7   | Reached skill level 14 in Fire Magic
  7734 | Lair:7   | Reached ****** piety under Vehumet
  7773 | Lair:7   | Found a labyrinth entrance.
  7792 | Lab      | Entered a labyrinth
  7977 | Lab      | Learned a level 3 spell: Regeneration
  8013 | Lair:8   | Entered Level 8 of the Lair of Beasts
  8048 | Lair:8   | Reached skill level 1 in Necromancy
  8063 | Lair:8   | Reached skill level 1 in Charms
  8274 | Lair:8   | Reached XP level 14. HP: 68/68 MP: 7/33
  8297 | Lair:8   | Learned a level 2 spell: Repel Missiles
  8857 | Lair:6   | Reached skill level 15 in Fire Magic
  8861 | Snake:1  | Entered Level 1 of the Snake Pit
  8891 | Snake:1  | Offered knowledge of Ozocubu's Refrigeration by Vehumet.
  9029 | Snake:3  | Found a bloodstained altar of Trog.
  9152 | Snake:3  | Noticed Donald
  9262 | Snake:3  | Reached skill level 15 in Conjurations
  9334 | Snake:4  | Entered Level 4 of the Snake Pit
  9431 | Snake:4  | Found Zank's Gadget Boutique.
  9644 | Snake:4  | Reached skill level 15 in Spellcasting
  9648 | Snake:4  | Noticed a greater naga
  9655 | Snake:4  | Reached skill level 16 in Fire Magic
  9656 | Snake:4  | Reached XP level 15. HP: 68/72 MP: 11/36
  9856 | Snake:4  | Killed a greater naga
 10103 | Snake:4  | Offered knowledge of Iron Shot by Vehumet.
 10148 | Snake:4  | Noticed a greater naga
 10151 | Snake:4  | Killed a greater naga
 10286 | Snake:4  | Noticed a greater naga
 10289 | Snake:4  | Killed a greater naga
 10294 | Snake:4  | Noticed a greater naga
 10451 | Snake:4  | Killed a greater naga
 10556 | Snake:4  | Reached skill level 17 in Fire Magic
 10680 | Snake:4  | Got a serpentine rune of Zot
 11160 | Lair:4   | Found a staircase to the Swamp.
 11176 | Swamp:1  | Entered Level 1 of the Swamp
 11265 | Swamp:1  | Learned a level 6 spell: Iron Shot
 11404 | Swamp:4  | Entered Level 4 of the Swamp
 11404 | Swamp:4  | Noticed a thorn hunter
 11405 | Swamp:4  | Offered knowledge of Bolt of Cold by Vehumet.
 11430 | Swamp:3  | Noticed Jorgrun
 11436 | Swamp:3  | Killed Jorgrun
 11436 | Swamp:3  | Reached XP level 16. HP: 76/76 MP: 26/38
 11466 | Swamp:3  | Noticed Roxanne
 11635 | Swamp:3  | thx
 11881 | Swamp:4  | hmm
 11888 | Swamp:4  | Learned a level 6 spell: Bolt of Cold
 11999 | Swamp:4  | Reached skill level 18 in Fire Magic
 12042 | Swamp:4  | Got a decaying rune of Zot
 12303 | Swamp:1  | Offered knowledge of Poisonous Cloud by Vehumet.
 12360 | Lair:3   | thx
 12498 | Lair:7   | Found a staircase to the Slime Pits.
 12499 | Lair:7   | Found a viscous altar of Jiyva.
 12516 | Slime:1  | Entered Level 1 of the Pits of Slime
 12778 | Slime:2  | Noticed an acid blob
 12784 | Slime:2  | Killed an acid blob
 12844 | Slime:3  | Noticed an acid blob
 12946 | Slime:2  | Noticed an acid blob
 12949 | Slime:2  | Killed an acid blob
 13130 | Slime:5  | Noticed an acid blob
 13133 | Slime:5  | Killed an acid blob
 13177 | Slime:6  | Entered Level 6 of the Pits of Slime
 13185 | Slime:6  | Noticed an acid blob
 13191 | Slime:6  | Noticed an acid blob
 13191 | Slime:6  | Killed an acid blob
 13191 | Slime:6  | Reached XP level 17. HP: 80/80 MP: 12/40
 13233 | Slime:6  | Reached skill level 19 in Fire Magic
 13238 | Slime:6  | Offered knowledge of Lehudib's Crystal Spear by Vehumet.
 13238 | Slime:6  | Offered knowledge of Glaciate by Vehumet.
 13238 | Slime:6  | Offered knowledge of Shatter by Vehumet.
 13288 | Slime:6  | Learned a level 8 spell: Lehudib's Crystal Spear
 13345 | Slime:6  | Found a viscous altar of Jiyva.
 13371 | Slime:6  | Noticed the Royal Jelly
 13428 | Slime:6  | Killed the Royal Jelly
 13583 | Slime:6  | Identified the Catalogue of Glacial Arcane Weapons (You found it on level 6 of the Pits of Slime)
 13590 | Slime:6  | Got a crude bone ring
 13673 | Slime:6  | Got a slimy rune of Zot
 13679 | Slime:6  | Identified the ring of the Magpie {*Drain Str+5 Stlth-} (You found it on level 6 of the Pits of Slime)
 13682 | Slime:6  | free drain!
 13875 | Lair:6   | Learned a level 7 spell: Orb of Destruction
 13883 | Lair:6   | o lol
 13996 | Lair:1   | Found a glowing golden altar of the Shining One.
 14025 | Lair:1   | Found a snail-covered altar of Cheibriados.
 14149 | D:13     | Bought a scroll of blinking for 75 gold pieces
 14149 | D:13     | Bought a scroll of enchant armour for 75 gold pieces
 14149 | D:13     | Bought a scroll of teleportation for 30 gold pieces
 14149 | D:13     | Bought a scroll of blinking for 75 gold pieces
 14149 | D:13     | Bought a scroll of teleportation for 30 gold pieces
 14149 | D:13     | Bought a scroll of identify for 20 gold pieces
 14149 | D:13     | Bought a scroll of identify for 20 gold pieces
 14149 | D:13     | Bought a scroll of immolation for 35 gold pieces
 14149 | D:13     | Bought a scroll of immolation for 35 gold pieces
 14408 | D:14     | Found a frozen archway.
 14420 | IceCv    | Entered an ice cave
 14535 | IceCv    | Found an ancient bone altar of Kikubaaqudgha.
 14671 | IceCv    | rly
 14702 | D:14     | Noticed Maud
 14703 | D:14     | Killed Maud
 14703 | D:14     | Reached skill level 1 in Ice Magic
 14846 | D:13     | Reached XP level 18. HP: 85/85 MP: 43/43
 14907 | D:13     | Found a gate to the Vaults.
 14920 | Vaults:1 | Entered Level 1 of the Vaults
 14961 | Vaults:1 | Reached skill level 5 in Ice Magic
 15575 | Vaults:3 | Reached skill level 20 in Spellcasting
 15617 | Vaults:3 | Reached skill level 10 in Ice Magic
 15641 | Vaults:3 | Got a fine hat
 15652 | Vaults:3 | Identified the +0 hat of Neam {Str+4 Stlth+} (You found it on level 3 of the Vaults)
 15673 | Vaults:3 | Found a radiant altar of Vehumet.
 15707 | Vaults:3 | Got a distressingly furry hat
 15713 | Vaults:3 | Identified the +0 hat "Egyec" {rCorr} (You found it on level 3 of the Vaults)
 15728 | Vaults:3 | Got a spiked hat
 15739 | Vaults:3 | Identified the +1 hat of the Heron {+Blink Regen+ Int+6} (You found it on level 3 of the Vaults)
 15785 | Vaults:3 | Found Kuowats's Gadget Shoppe.
 15804 | Vaults:3 | Noticed a bone dragon
 15814 | Vaults:3 | Killed a bone dragon
 15838 | Vaults:3 | Learned a level 9 spell: Glaciate
 15978 | Vaults:3 | Found Juomuddu's Antique Armour Emporium.
 15992 | Vaults:3 | Bought a pair of distressingly furry gloves for 285 gold pieces
 16002 | Vaults:3 | Identified the +1 pair of gloves of the Pit {rElec MP-9 Dex+5} (You bought it in a shop on level 3 of the Vaults)
 16017 | Vaults:3 | Found Mafeal Xate's Weapon Shoppe.
 16039 | Vaults:3 | Found Cejit's Magic Scroll Shoppe.
 16047 | Vaults:3 | Noticed Margery
 16063 | Vaults:4 | HP: 2/85 [yaktaur captain/bolt (42)]
 16133 | Vaults:4 | thx
 16151 | Vaults:4 | Reached skill level 21 in Spellcasting
 16246 | Vaults:4 | Reached XP level 19. HP: 89/89 MP: 41/46
 16316 | Vaults:4 | Found Fyr Inu's Weapon Emporium.
 16368 | Vaults:5 | Entered Level 5 of the Vaults
 16373 | Vaults:5 | Reached skill level 15 in Ice Magic
 16386 | Vaults:5 | Reached skill level 22 in Spellcasting
 16441 | Vaults:5 | Noticed a golden dragon
 16446 | Vaults:5 | Killed a golden dragon
 16522 | Vaults:5 | Reached skill level 23 in Spellcasting
 16535 | Vaults:5 | Reached XP level 20. HP: 94/94 MP: 47/49
 16717 | Vaults:5 | Noticed a caustic shrike
 16719 | Vaults:5 | Killed a caustic shrike
 16840 | Vaults:5 | Reached skill level 24 in Spellcasting
 16868 | Vaults:5 | Got a brightly glowing golden ring
 16869 | Vaults:5 | Identified the ring "Jikkiero" {-Tele rPois rF+ rN+ Int+8} (You took it off a yaktaur on level 5 of the Vaults)
 16870 | Vaults:5 | hmmm
 16920 | Vaults:5 | Reached skill level 5 in Charms
 17048 | Vaults:5 | Got a silver rune of Zot
 17067 | Vaults:5 | Reached skill level 5 in Necromancy
 17294 | Vaults:5 | Found Heh Jaing's Food Shoppe.
 17321 | Vaults:5 | Identified the Volume of Ashen Transformation (You found it on level 5 of the Vaults)
 17348 | Vaults:5 | Learned a level 4 spell: Passage of Golubria
 17390 | Vaults:5 | Learned a level 1 spell: Apportation
 17584 | Vaults:4 | Learned a level 8 spell: Necromutation
 17603 | Vaults:4 | Reached XP level 21. HP: 87/98 MP: 51/51
 17603 | Vaults:4 | Reached skill level 1 in Transmutations
 17765 | Vaults:3 | Found a staircase to the Crypt.
 17774 | Crypt:1  | Entered Level 1 of the Crypt
 17824 | Crypt:2  | Reached skill level 5 in Transmutations
 17851 | Crypt:3  | Entered Level 3 of the Crypt
 18004 | Crypt:3  | Reached skill level 10 in Necromancy
 18146 | Crypt:3  | Got a pair of jewelled boots
 18147 | Crypt:3  | Identified the +0 pair of boots of Shadows and Fog {SInv} (You found it on level 3 of the Crypt)
 18149 | Crypt:3  | Identified the Grimoire of Black Magic (You found it on level 3 of the Crypt)
 18161 | Crypt:3  | Learned a level 2 spell: Sublimation of Blood
 18258 | Crypt:3  | Found a staircase to the Tomb.
 18314 | Crypt:3  | Noticed an ancient lich
 18317 | Crypt:3  | Killed an ancient lich
 18440 | Tomb:1   | Entered Level 1 of the Tomb of the Ancients
 18495 | Tomb:1   | Noticed a greater mummy
 18514 | Tomb:1   | Noticed a greater mummy
 18518 | Tomb:1   | Killed a greater mummy
 18593 | Tomb:2   | Noticed a greater mummy
 18597 | Tomb:2   | Noticed a greater mummy
 18614 | Tomb:2   | Noticed a greater mummy
 18678 | Tomb:3   | Entered Level 3 of the Tomb of the Ancients
 18678 | Tomb:3   | Noticed Frederick
 18700 | Tomb:3   | Killed Frederick
 18707 | Tomb:3   | Noticed a greater mummy
 18709 | Tomb:3   | Noticed Khufu
 18713 | Tomb:3   | Killed a greater mummy
 18714 | Tomb:3   | Killed Khufu
 18714 | Tomb:3   | Reached skill level 25 in Spellcasting
 18714 | Tomb:3   | Reached XP level 22. HP: 102/102 MP: 51/53
 18738 | Tomb:3   | Noticed a greater mummy
 18739 | Tomb:3   | Noticed a greater mummy
 18740 | Tomb:3   | Noticed a greater mummy
 18742 | Tomb:3   | Noticed a greater mummy
 18743 | Tomb:3   | Noticed an ancient lich
 18744 | Tomb:3   | Noticed a greater mummy
 18748 | Tomb:3   | Killed a greater mummy
 18749 | Tomb:3   | Killed an ancient lich
 18749 | Tomb:3   | Killed a greater mummy
 18752 | Tomb:3   | Killed a greater mummy
 18752 | Tomb:3   | Reached skill level 26 in Spellcasting
 18753 | Tomb:3   | Killed a greater mummy
 18759 | Tomb:3   | Noticed a greater mummy
 18759 | Tomb:3   | Killed a greater mummy
 18765 | Tomb:3   | Noticed a greater mummy
 18766 | Tomb:3   | Killed a greater mummy
 18806 | Tomb:3   | Killed a greater mummy
 18818 | Tomb:3   | Noticed a greater mummy
 18823 | Tomb:3   | Killed a greater mummy
 18831 | Tomb:3   | Reached skill level 27 in Spellcasting
 18851 | Tomb:3   | Reached skill level 1 in Fighting
 18905 | Tomb:3   | Noticed Mara
 18912 | Tomb:3   | Killed Mara
 18912 | Tomb:3   | Reached skill level 5 in Dodging
 18961 | Tomb:3   | Got a golden rune of Zot
 19003 | Tomb:3   | Reached XP level 23. HP: 112/112 MP: 22/56
 19055 | Tomb:3   | Got a slimy robe
 19055 | Tomb:3   | Got a fine lapis lazuli ring
 19056 | Tomb:3   | Identified the +2 robe of Disguise {rCorr Dex+4} (You found it on level 3 of the Tomb of the Ancients)
 19058 | Tomb:3   | Identified the ring of Ystrammu {Fragile Str-4 Int+4 Dex+3 Slay+2} (You found it on level 3 of the Tomb of the Ancients)
 19060 | Tomb:3   | Got a warped marble ring
 19061 | Tomb:3   | Identified the ring "Zurhas" {Str+4 Stlth-} (You found it on level 3 of the Tomb of the Ancients)
 19070 | Zig:1    | Entered Level 1 of a ziggurat
 19089 | Zig:2    | Entered Level 2 of a ziggurat
 19110 | Zig:3    | Entered Level 3 of a ziggurat
 19131 | Zig:3    | good
 19132 | Zig:4    | Entered Level 4 of a ziggurat
 19163 | Zig:4    | Reached XP level 24. HP: 118/120 MP: 48/56
 19173 | Zig:4    | Learned a level 8 spell: Death's Door
 19174 | Zig:5    | Entered Level 5 of a ziggurat
 19195 | Zig:5    | Got a scorched brass amulet
 19197 | Zig:6    | Entered Level 6 of a ziggurat
 19225 | Zig:6    | Identified a scroll of acquirement
 19226 | Zig:6    | Got a warped robe
 19230 | Zig:6    | Got a pitted glass ring
 19245 | Zig:6    | Reached skill level 5 in Fighting
 19245 | Zig:6    | Reached XP level 25. HP: 124/128 MP: 56/56
 19252 | Zig:7    | Entered Level 7 of a ziggurat
 19285 | Zig:7    | Identified the +2 robe "Lyahap" {Regen+} (You acquired it on level 6 of a ziggurat)
 19287 | Zig:7    | Identified the ring "Enyhi" {Fire rN+ Int+5} (You found it on level 6 of a ziggurat)
 19288 | Zig:7    | Identified the amulet of Pumyijy {Inacc rElec Str+4 Stlth+} (You found it on level 5 of a ziggurat)
 19291 | Zig:8    | Entered Level 8 of a ziggurat
 19300 | Zig:8    | Noticed a juggernaut
 19302 | Zig:8    | Killed a juggernaut
 19302 | Zig:8    | Reached skill level 15 in Evocations
 19321 | Zig:9    | Entered Level 9 of a ziggurat
 19370 | Zig:9    | Got a pitted zirconium amulet
 19373 | Zig:10   | Entered Level 10 of a ziggurat
 19381 | Zig:10   | Reached skill level 10 in Dodging
 19403 | Zig:10   | Got a translucent gossamer ring
 19405 | Zig:10   | Identified the ring of Beogh's Regard {Fragile rC++ AC+5 Str-5 SInv} (You found it on level 10 of a ziggurat)
 19410 | Zig:11   | Entered Level 11 of a ziggurat
 19435 | Zig:11   | Got a serpentine emerald amulet
 19445 | Zig:12   | Entered Level 12 of a ziggurat
 19488 | Zig:12   | Identified Iplidyawn's Almanac of Enchantment (You found it on level 12 of a ziggurat)
 19495 | Zig:13   | Entered Level 13 of a ziggurat
 19580 | Zig:13   | Reached XP level 26. HP: 111/141 MP: 56/56
 19590 | Zig:13   | Identified Sif Muna's Grimoire of the Boosting Traveller (You found it on level 13 of a ziggurat)
 19592 | Zig:13   | Got a pair of scorched gloves
 19594 | Zig:14   | Entered Level 14 of a ziggurat
 19609 | Zig:14   | Reached XP level 27. HP: 131/145 MP: 56/56
 19643 | Zig:14   | Identified the +0 pair of gloves "Fiociniu" {rElec rPois MR+ MP-9 Int+4} (You found it on level 13 of a ziggurat)
 19660 | Zig:15   | Entered Level 15 of a ziggurat
 19710 | Zig:15   | Identified the amulet of Tesasch {Inacc Stlth+} (You found it on level 11 of a ziggurat)
 19713 | Zig:16   | Entered Level 16 of a ziggurat
 19726 | Zig:16   | Noticed an ancient lich
 19727 | Zig:16   | Reached skill level 5 in Stealth
 19730 | Zig:16   | Killed an ancient lich
 19731 | Zig:16   | Reached skill level 10 in Stealth
 19741 | Zig:16   | Identified the Papyrus of Confrontation (You found it on level 16 of a ziggurat)
 19751 | Zig:16   | Got a scorched ivory ring
 19753 | Zig:16   | Identified the ring "Syoj" {MR+ Int+4 Dex+2} (You found it on level 16 of a ziggurat)
 19761 | Zig:17   | Entered Level 17 of a ziggurat
 19768 | Zig:17   | Noticed Ruxais the pandemonium lord
 19768 | Zig:17   | Noticed Har Ufar the pandemonium lord
 19771 | Zig:17   | Noticed Puenon the pandemonium lord
 19771 | Zig:17   | Killed Ruxais the pandemonium lord
 19774 | Zig:17   | Killed Puenon the pandemonium lord
 19775 | Zig:17   | Noticed Fojul the pandemonium lord
 19778 | Zig:17   | Killed Fojul the pandemonium lord
 19778 | Zig:17   | Reached skill level 15 in Stealth
 19779 | Zig:17   | Killed Har Ufar the pandemonium lord
 19804 | Zig:17   | Got a scintillating amber ring
 19807 | Zig:17   | Identified Fekheiqi's Incunabulum of Greatest Risks and Utility (You found it on level 17 of a ziggurat)
 19810 | Zig:17   | Identified the ring of the Scarab {rC+ rN+++} (You found it on level 17 of a ziggurat)
 19811 | Zig:17   | meh
 19814 | Zig:18   | Entered Level 18 of a ziggurat
 19853 | Zig:18   | Identified the Guide on Excruciating Feathers (You found it on level 18 of a ziggurat)
 19861 | Zig:18   | Got a scorched jade ring
 19863 | Zig:18   | Identified the ring "Viabaeth" {MR+ MP+9 Int+3} (You found it on level 18 of a ziggurat)
 19872 | Zig:19   | Entered Level 19 of a ziggurat
 19897 | Zig:19   | Reached skill level 15 in Dodging
 19960 | Zig:20   | Entered Level 20 of a ziggurat
 20000 | Zig:20   | Noticed Mankiuck the pandemonium lord
 20004 | Zig:20   | Killed Mankiuck the pandemonium lord
 20066 | Zig:20   | Identified the Handbook of Shifting Confrontation (You found it on level 20 of a ziggurat)
 20071 | Zig:20   | Got a slimy lapis lazuli ring
 20073 | Zig:20   | Got a slimy wooden ring
 20077 | Zig:20   | Identified the amulet "Zocorodu" {+Rage rC- Dex+3 Slay+6} (You found it on level 9 of a ziggurat)
 20079 | Zig:20   | Identified the Papyrus of Moulding (You found it on level 20 of a ziggurat)
 20084 | Zig:20   | Got a faintly glowing iron amulet
 20093 | Zig:20   | Identified the Guide on the Traveller (You found it on level 20 of a ziggurat)
 20095 | Zig:20   | Got a bound bone ring
 20097 | Zig:20   | Identified the ring "Gorec" {+Fly rN+ MP+9 Str+2} (You found it on level 20 of a ziggurat)
 20100 | Zig:20   | Identified the ring "Renlieme" {+Fly Int+3} (You found it on level 20 of a ziggurat)
 20102 | Zig:20   | Identified the ring of Xom's Full Attention {rN+ Str+4} (You found it on level 20 of a ziggurat)
 20112 | Tomb:3   | nice
 20113 | Tomb:3   | Upgraded the game from 0.18-a0-801-gb01a236 to 0.18-a0-816-g97f838e
 20237 | Vaults:3 | Killed Margery
 20251 | Vaults:3 | Bought a scroll of recharging for 152 gold pieces
 20251 | Vaults:3 | Bought a scroll of fog for 32 gold pieces
 20251 | Vaults:3 | Bought a scroll of recharging for 152 gold pieces
 20251 | Vaults:3 | Bought a scroll of identify for 32 gold pieces
 20251 | Vaults:3 | Bought a scroll of identify for 32 gold pieces
 20251 | Vaults:3 | Bought a scroll of identify for 32 gold pieces
 20251 | Vaults:3 | Bought a scroll of identify for 32 gold pieces
 20251 | Vaults:3 | Identified the amulet of Iticuhac {+Rage rElec rC- MR+ Dex+6} (You found it on level 20 of a ziggurat)
 20383 | D:15     | Entered Level 15 of the Dungeon
 20579 | D:15     | Found a staircase to the Depths.
 20588 | Depths:1 | Entered Level 1 of the Depths
 20588 | Depths:1 | Found a one-way gate to the infinite horrors of the Abyss.
 20660 | Depths:1 | Found a gateway to Hell.
 20667 | Hell     | Entered the Vestibule of Hell
 20667 | Hell     | Noticed Geryon
 20675 | Hell     | Killed Geryon
 20681 | Hell     | Found a gateway to the Iron City of Dis.
 20691 | Dis:1    | Entered Level 1 of the Iron City of Dis
 20691 | Dis:1    | Found a gateway to Hell.
 20710 | Dis:2    | Found a gateway to Hell.
 20721 | Dis:2    | Found a gateway to Hell.
 20743 | Dis:3    | Found a gateway to Hell.
 20801 | Dis:4    | Found a gateway to Hell.
 20806 | Dis:5    | Found a gateway to Hell.
 20826 | Dis:6    | Found a gateway to Hell.
 20842 | Dis:7    | Entered Level 7 of the Iron City of Dis
 20842 | Dis:7    | Found a gateway to Hell.
 20842 | Dis:7    | Found a gateway to Hell.
 20859 | Dis:7    | Found a gateway to Hell.
 20891 | Dis:7    | Got an iron rune of Zot
 20920 | Hell     | Found a gateway to the decaying netherworld of Tartarus.
 20940 | Tar:1    | Entered Level 1 of Tartarus
 20940 | Tar:1    | Found a gateway to Hell.
 21010 | Tar:1    | Reached skill level 10 in Charms
 21035 | Tar:2    | Found a gateway to Hell.
 21059 | Tar:2    | Found a gateway to Hell.
 21091 | Tar:3    | Found a gateway to Hell.
 21147 | Tar:4    | Found a gateway to Hell.
 21195 | Tar:5    | Found a gateway to Hell.
 21228 | Tar:5    | Found a gateway to Hell.
 21228 | Tar:5    | Found a gateway to Hell.
 21294 | Tar:6    | Found a gateway to Hell.
 21326 | Tar:7    | Entered Level 7 of Tartarus
 21326 | Tar:7    | Found a gateway to Hell.
 21340 | Tar:7    | Found a gateway to Hell.
 21453 | Tar:7    | Noticed Ereshkigal
 21461 | Tar:7    | Got a bone rune of Zot
 21531 | Hell     | Found a gateway to the ashen valley of Gehenna.
 21549 | Hell     | Reached skill level 15 in Necromancy
 21557 | Geh:1    | Entered Level 1 of Gehenna
 21557 | Geh:1    | Found a gateway to Hell.
 21588 | Geh:2    | Found a gateway to Hell.
 21596 | Geh:2    | Found a gateway to Hell.
 21601 | Geh:2    | Found a gateway to Hell.
 21612 | Geh:3    | Found a gateway to Hell.
 21646 | Geh:3    | You fall through a shaft!
 21669 | Geh:4    | Found a gateway to Hell.
 21694 | Geh:5    | Found a gateway to Hell.
 21699 | Geh:5    | Found a gateway to Hell.
 21713 | Geh:6    | Found a gateway to Hell.
 21753 | Geh:7    | Entered Level 7 of Gehenna
 21753 | Geh:7    | Found a gateway to Hell.
 21753 | Geh:7    | Found a gateway to Hell.
 21753 | Geh:7    | Found a gateway to Hell.
 21753 | Geh:7    | Found a gateway to Hell.
 21804 | Geh:7    | Noticed the Serpent of Hell
 21905 | Geh:7    | Got a vibrating bone ring
 21916 | Geh:7    | Identified the ring of Buyfamie {SustAt rC++ rN+ Str+2 Dex-5} (You found it on level 7 of Gehenna)
 21935 | Geh:7    | Got a vibrating jade amulet
 21957 | Geh:7    | Identified the amulet "Hufae" {+Rage Str+4 Dex+4} (You found it on level 7 of Gehenna)
 21961 | Geh:7    | Identified Sif Muna's Catalogue of Air and Confrontation (You found it on level 7 of Gehenna)
 21973 | Geh:7    | Killed the Serpent of Hell
 22025 | Geh:7    | Noticed Asmodeus
 22031 | Geh:7    | Got an obsidian rune of Zot
 22101 | Hell     | Found a gateway to the freezing wastes of Cocytus.
 22120 | Coc:1    | Entered Level 1 of Cocytus
 22120 | Coc:1    | Found a gateway to Hell.
 22154 | Coc:2    | Found a gateway to Hell.
 22154 | Coc:2    | Found a gateway to Hell.
 22154 | Coc:2    | Found a gateway to Hell.
 22163 | Coc:3    | Found a gateway to Hell.
 22168 | Coc:3    | Found a gateway to Hell.
 22190 | Coc:4    | Found a gateway to Hell.
 22204 | Coc:4    | Found a gateway to Hell.
 22217 | Coc:5    | Found a gateway to Hell.
 22222 | Coc:6    | Found a gateway to Hell.
 22229 | Coc:7    | Entered Level 7 of Cocytus
 22229 | Coc:7    | Found a gateway to Hell.
 22229 | Coc:7    | Found a gateway to Hell.
 22229 | Coc:7    | Found a gateway to Hell.
 22413 | Coc:7    | Noticed Antaeus
 22481 | Coc:7    | Got an icy rune of Zot
 22620 | Depths:3 | meh
 22639 | Depths:3 | Found a one-way gate leading to the halls of Pandemonium.
 22647 | Pan      | Entered Pandemonium
 22666 | Pan      | Found an exit through the horrors of the Abyss.
 22667 | Pan      | Found a runed door.
 22675 | Pan      | Took an exit into the Abyss.
 22675 | Abyss:1  | Escaped into the Abyss
 22912 | Abyss:2  | Found a corrupted altar of Lugonu.
 22947 | Abyss:2  | Found a corrupted altar of Lugonu.
 22980 | Abyss:2  | Found a corrupted altar of Lugonu.
 23104 | Abyss:2  | Found a corrupted altar of Lugonu.
 23157 | Abyss:2  | Found a corrupted altar of Lugonu.
 23191 | Abyss:2  | Found a corrupted altar of Lugonu.
 23270 | Abyss:2  | Found a corrupted altar of Lugonu.
 23292 | Abyss:3  | Found a corrupted altar of Lugonu.
 23400 | Abyss:3  | Got an abyssal rune of Zot
 23455 | Depths:3 | Escaped the Abyss
 23458 | Pan      | Entered Pandemonium
 23469 | Pan      | Noticed Erphinut the pandemonium lord
 23533 | Pan      | Found an exit through the horrors of the Abyss.
 23568 | Pan      | Found an exit through the horrors of the Abyss.
 23743 | Pan      | Entered the realm of Mnoleg.
 23760 | Pan      | Noticed Mnoleg
 23770 | Pan      | Gained mutation: You are occasionally teleported next to monsters. [a cacodemon]
 23780 | Pan      | Killed Mnoleg
 23807 | Pan      | Got a glowing rune of Zot
 23848 | Pan      | Found an exit through the horrors of the Abyss.
 23866 | Pan      | Noticed Ufurr the pandemonium lord
 23868 | Pan      | Got a demonic rune of Zot
 23884 | Pan      | Noticed Tuliwaih the pandemonium lord
 23896 | Pan      | Found an exit through the horrors of the Abyss.
 23907 | Pan      | Found an exit through the horrors of the Abyss.
 23912 | Pan      | Found a runed door.
 23929 | Pan      | Found a runed door.
 23959 | Pan      | Found a runed door.
 23966 | Pan      | Found a runed door.
 23968 | Pan      | Noticed Xiwnat the pandemonium lord
 24015 | Pan      | Found an exit through the horrors of the Abyss.
 24087 | Pan      | Noticed Luigonk the pandemonium lord
 24107 | Pan      | Killed Luigonk the pandemonium lord
 24135 | Pan      | Noticed Urriggew the pandemonium lord
 24135 | Pan      | Killed from afar by a hellion

Vault maps used:
D:1:      minmay_arrival_diagonal_passages, nrook_uturn, serial_bayou_ford_a
D:2:      ecumenical_altar_2
D:3:      minitemple
D:4:      temple_garden, uniq_edmund
D:5:      first_bread, uniq_crazy_yiuf_cottage, uniq_menkaure
D:6:      uniq_sigmund, uniq_grinder
D:7:      serial_bayou, serial_bayou_crossing, serial_bayou_lagoon_a,
          serial_bayou_pond_e, serial_bayou_pond_c
D:8:      nemelex_xobeh_ov_fountains_minmay, uniq_maurice, uniq_prince_ribbit1,
          uniq_pikel
D:9:      gammafunk_temple_overflow_wave
D:11:     david_lair_shrubbed, orc_0_dummy
D:12:     the_bakery
D:13:     david_vaults_5, serial_shops, shop, spider_trap
D:14:     minmay_smoke_and_mirrors, portal_ice_cave_entry_dragon,
          kennysheep_kite_vault, uniq_maud
D:15:     gammafunk_enter_depths_forms, nicolae_ru_awakened_eye, uniq_urug
Lair:1:   basic_altar, kennysheep_snail_temple, infiniplex_staircase_pool_2
Lair:2:   serial_bayou_pond_e, minmay_holes, lemuel_fruit_tree,
          grunt_megastairs_3, uniq_nergalle
Lair:3:   serial_bayou_pond_b, eino_house_with_fridge, serial_bayou_shore_b
Lair:4:   swamp_mist_pool
Lair:5:   lemuel_slime, lemuel_old_faithful
Lair:6:   minmay_snake_entry_six_corridors, kennysheep_catoblepas_arena,
          uniq_josephine
Lair:7:   kennysheep_abandoned_house, slime_altar_1, lab_entry_generic,
          wad_woods_road_02, serial_bayou_shore_b
Lair:8:   hangedman_lair_tendril_chambers, guppyfry_lair_end_dragon,
          small_statue_intersection, st_stairs_7
Swamp:1:  serial_swamp_ruin, evilmike_swamp_ruin_house_2,
          evilmike_swamp_ruin_house_4, evilmike_swamp_ruin_house_5
Swamp:2:  evilmike_swamp_ruin_rubble_1, swamp_pool2
Swamp:3:  nicolae_swamp_dense_foliage, uniq_roxanne, uniq_jorgrun
Swamp:4:  swamp
Snake:1:  basic_altar, grunt_ministairs_2, st_stairs_12, grunt_megastairs_2
Snake:2:  serial_shops, shop_statue, grunt_ministairs_14
Snake:3:  basic_altar, grunt_megastairs_5, uniq_donald, uniq_aizul
Snake:4:  snake_pit, serial_shops, shop, minmay_snake_pond
Orc:1:    basic_altar
Orc:2:    grunt_orc_cross, statue_in_the_mist_lemuel, mines2_david
Elf:1:    serial_shops, shop_fountains, minmay_elf_crystal_heptagon, uniq_azrael
Vaults:1: v_pattern_2, vaults_room_semicircle, vaults_mumra_minichess_inversion,
          nicolae_vaults_little_ls, grunt_vaults_hallway_short,
          nicolae_vaults_shelves_hall, nicolae_vaults_asterisk,
          ontoclasm_vaults_shuriken
Vaults:2: hangedman_vaults_nodes, v_misc_8, st_hourglassy, v_rooms_3,
          nicolae_vaults_yaktaur_gun_rack, vaults_dpeg_encased_lava,
          ontoclasm_vaults_twist, dpeg_vaults_monster_box,
          ontoclasm_vaults_loading_screen
Vaults:3: grunt_tower_of_power, v_pattern_3, v_misc_11, v_rooms_5,
          nicolae_vaults_mini_display_case, v_misc_22,
          nicolae_vaults_puzzle_piece, ontoclasm_vaults_claustrophobia,
          nicolae_vaults_little_squares_3, vaults_mumra_minichess,
          minmay_crypt_entry_nasty_monster, vaults_mumra_chevron,
          ontoclasm_vaults_ring_small, ontoclasm_vaults_ligature,
          vaults_room_pools, serial_shops, nicolae_shop_window_shopping, shop,
          shop, shop, shop, uniq_margery
Vaults:4: nicolae_vaults_diagonal_hallway_8, dpeg_vaults_monster_row,
          v_pattern_4, hangedman_vaults_unwind, vaults_room_fancy_cross,
          vaults_dpeg_hooks, nicolae_vaults_stairing_the_circle,
          nicolae_vaults_little_squares_4,
          nicolae_vaults_windows_and_doors_thing,
          nicolae_vaults_little_squares_1, ontoclasm_vaults_misaligned,
          nicolae_vaults_circle_grid_a, v_misc_24, serial_shops, shop_statue
Crypt:1:  grunt_ministairs_1
Crypt:2:  minmay_skeleton_keep, st_stairs_5
Crypt:3:  quadcrypt_mu
Tomb:1:   uniq_mennas
Tomb:3:   uniq_frederick, uniq_khufu, uniq_mara
Depths:1: abyss_entry, hell_entry, minmay_misc_feat_diagonals,
          grunt_decor_resistance, fountainhead, minivault_1,
          kennysheep_small_spiral, grunt_decor_fettered, aerie_lemuel
Depths:2: evilmike_negative_zone, hell_entry, infiniplex_staircase_pillars_1,
          roderic_lattice_octagonal_star, basic_stair_grate_trap
Depths:3: kennysheep_water_balloons, grunt_pan_entry_in_and_out,
          grunt_mini_vestibule, grunt_ministairs_1, minmay_misc_feat_iff,
          lemuel_flame_loot_1, infiniplex_staircase_squiggle,
          serial_bayou_shore_a
Dis:4:    lemuel_elevator
Dis:5:    grunt_megastairs_1
Dis:7:    iron_city_of_dis
Geh:3:    nicolae_geh_sunburst, lemuel_hellion_isle
Geh:4:    lemuel_elevator
Geh:6:    gehenna_fire_generator
Geh:7:    geh_grunt
Coc:7:    coc_hangedman
Tar:1:    nicolae_tar_cuneiform_bread, hangedman_restless_catacombs
Tar:7:    tar_minmay_river
Abyss:1:  evilmike_abyss_exit_11
Abyss:3:  evilmike_abyss_rune_acolytes_2
Pan:      grunt_pan_zigzag, rand_demon_7, pan_blood_fountain_small,
          rand_demon_6, nicolae_pan_gloorx_vloqian_1, grunt_pan_sceptre,
          evilmike_mini_pan_diamond, nicolae_pan_hourglass,
          pan_blood_fountain_small, nicolae_pan_gloorx_vloqian_3,
          evilmike_mini_pan_thingy, pan_blood_fountain_2, pan_blood_fountain,
          grunt_pan_spiral, pan_blood_fountain_2, evilmike_mini_pan_doors,
          pan_blood_fountain_2, lemuel_hall_of_pain, nicolae_pan_sigil_uleosi,
          mnoleg_grunt, evilmike_mini_pan_V, pan_blood_fountain_small,
          nicolae_pan_mnolegish_1, grunt_pan_frozen_over,
          evilmike_mini_pan_rooms, pan_blood_fountain_2, rand_demon_7,
          pan_blood_fountain, rand_demon_2, nicolae_pan_sigil_nadil,
          lemuel_hellion_island, nicolae_pan_gloorx_vloqian_4
Zig:8:    ziggurat_pillar_centre_dead_trees
Zig:9:    ziggurat_pillar_centre_c
Zig:13:   ziggurat_pillar_centre_oklobs
Zig:14:   ziggurat_pillar_centre_smoke
IceCv:    ice_cave_small_necro

Action                   |  1- 3 |  4- 6 |  7- 9 | 10-12 | 13-15 | 16-18 | 19-21 | 22-24 | 25-27 || total
-------------------------+-------+-------+-------+-------+-------+-------+-------+-------+-------++-------
Melee: Whip              |     1 |       |       |       |       |       |       |       |       ||     1
       Dagger            |       |     2 |       |       |       |       |       |       |       ||     2
       Trident           |       |       |    33 |       |       |       |       |       |       ||    33
       Staff             |       |       |     4 |     2 |    11 |       |       |       |       ||    17
       Hand axe          |       |       |       |       |       |       |       |       |     1 ||     1
 Cast: Flame Tongue      |    37 |    41 |   103 |    49 |       |       |       |       |       ||   230
       Conjure Flame     |       |     2 |    14 |    10 |     2 |       |       |       |       ||    28
       Sticky Flame      |       |       |     8 |    17 |    27 |    27 |     4 |       |       ||    83
       Fireball          |       |       |    18 |   112 |   247 |   164 |    24 |    42 |    58 ||   665
       Bolt of Fire      |       |       |     1 |   101 |   173 |   285 |    23 |     4 |    23 ||   610
       Delayed Fireball  |       |       |       |     4 |    14 |    13 |     1 |       |     2 ||    34
       Regeneration      |       |       |       |       |    13 |    34 |    23 |       |    18 ||    88
       Repel Missiles    |       |       |       |       |     4 |     2 |       |       |     3 ||     9
       Iron Shot         |       |       |       |       |    20 |    25 |    51 |     6 |    91 ||   193
       Glaciate          |       |       |       |       |       |       |   125 |    46 |   243 ||   414
       Orb of Destructio |       |       |       |       |       |       |    25 |       |       ||    25
       Apportation       |       |       |       |       |       |       |     8 |    15 |    62 ||    85
       Passage of Golubr |       |       |       |       |       |       |     5 |       |   102 ||   107
       Necromutation     |       |       |       |       |       |       |     4 |     5 |    29 ||    38
       Sublimation of Bl |       |       |       |       |       |       |       |     7 |   140 ||   147
       Death's Door      |       |       |       |       |       |       |       |       |     2 ||     2
       Lehudib's Crystal |       |       |       |       |       |       |       |       |     1 ||     1
 Abil: Release Delayed F |       |       |       |     3 |    14 |    13 |     1 |       |     2 ||    33
       Evoke Blink       |       |       |       |       |       |     2 |       |       |     1 ||     3
       Evoke Teleportati |       |       |       |       |       |     1 |    17 |     3 |   418 ||   439
       Stop Flying       |       |       |       |       |       |       |     1 |       |       ||     1
       End Transformatio |       |       |       |       |       |       |       |     2 |    17 ||    19
Evoke: Wand              |     1 |     2 |     7 |     6 |     6 |    12 |     1 |       |    11 ||    46
       Staff of energy   |       |       |    23 |   352 |   636 |   501 |   369 |    66 |    33 ||  1980
       Box of beasts     |       |       |       |       |     2 |     6 |       |       |       ||     8
       Sack of spiders   |       |       |       |       |     8 |     6 |       |       |       ||    14
       Fan of gales      |       |       |       |       |       |     1 |     1 |       |     1 ||     3
       Figurine of a zig |       |       |       |       |       |       |       |     1 |       ||     1
       Rod               |       |       |       |       |       |       |       |       |     1 ||     1
  Use: Scroll            |     4 |     2 |     4 |    20 |    12 |    23 |     9 |     7 |    27 ||   108
       Potion            |       |       |       |       |       |    11 |     4 |     2 |     4 ||    21
  Eat: Chunk             |     1 |       |    18 |    29 |    33 |    19 |     1 |       |       ||   101
       Royal jelly       |       |       |       |       |     1 |     1 |     1 |       |     1 ||     4
       Pizza             |       |       |       |       |     5 |     1 |       |       |       ||     6
       Fruit             |       |       |       |       |     3 |     5 |     4 |       |     4 ||    16
       Beef jerky        |       |       |       |       |     2 |     2 |     1 |       |       ||     5
       Bread ration      |       |       |       |       |       |     2 |     5 |     2 |     2 ||    11
       Meat ration       |       |       |       |       |       |       |       |       |     9 ||     9
